 Dungeon Crawl Stone Soup version 0.30-a0-414-gcb316572d5 (webtiles) character file.

Game seed: 8970711650694684032

41 McMuffin the Stinger (level 3, -3/27 HPs)
             Began as a Human Wanderer on Dec 7, 2022.
             Slain by Terence
             ... wielding a +2 mace of venom
              (7 damage)
             ... on level 3 of the Dungeon.
             The game lasted 00:06:06 (630 turns).

McMuffin the Stinger (Human Wanderer)                Turns: 630, Time: 00:06:07

Health: -3/27      AC:  4    Str: 10    XL:     3   Next: 75%
Magic:  0/4        EV: 12    Int: 14    God:
Gold:   51         SH:  0    Dex: 14    Spells: 3/4 levels left

rFire   . . .      SeeInvis .    a - +0 dagger
rCold   . . .      Faith    .    (no shield)
rNeg    . . .      Spirit   +    c - +0 robe
rPois   .          Reflect  .    b - +0 helmet
rElec   .          Harm     .    (no cloak)
rCorr   .          Rampage  .    (no gloves)
Will    .....                    f - +0 pair of boots
Stlth   +.........               g - amulet of guardian spirit
HPRegen 0.24/turn                (no ring)
MPRegen 0.09/turn                (no ring)

@: no status effects
A: no striking features
a: no special abilities


You were on level 3 of the Dungeon.
You visited 1 branch of the dungeon, and saw 3 of its levels.

You collected 51 gold pieces.

Inventory:

Hand Weapons
 a - a +0 dagger (weapon)
Missiles
 e - 4 javelins
Armour
 b - a +0 helmet (worn)
 c - a +0 robe (worn)
 f - a +0 pair of boots (worn)
Jewellery
 g - an amulet of guardian spirit (around neck)
Scrolls
 d - 2 scrolls of butterflies
 j - a scroll of fear {unknown}
 k - a scroll of magic mapping {unknown}
Potions
 h - 2 potions of heal wounds {unknown}
 i - 2 potions of cancellation {unknown}
 l - a potion of invisibility {unknown}
 m - 2 potions of flight {unknown}
 n - a potion of attraction {unknown}


   Skills:
 + Level 2.2 Fighting
 + Level 0.8 Short Blades
 + Level 1.2 Dodging
 + Level 1.2 Spellcasting
 + Level 0.4 Transmutations
 + Level 4.6 Poison Magic
 + Level 2.0 Evocations


You had 3 spell levels left.
You knew the following spells:

 Your Spells              Type           Power      Damage    Failure   Level
a - Sting                 Tmut/Pois      28%        1d4       9%          1

Your spell library contained the following spells:

 Spells                   Type           Power      Damage    Failure   Level
 Poisonous Vapours        Pois/Air       14%        N/A       16%         2
 Ignite Poison            Fire/Tmut/Pois 5%         N/A       36%         3
 Summon Guardian Golem    Hex/Summ       0%         N/A       61%         3
 Orb of Destruction       Conj           0%         9d5       100%        7
 Spellforged Servitor     Conj/Summ      0%         N/A       100%        7


Dungeon Overview and Level Annotations

Branches:
Dungeon (3/15)

Altars:

Annotations:
D:3 Terence


Message History

You hit the worm.
The worm is almost dead.
You hit the worm but do no damage.
The worm is almost dead.
You kill the worm!
Found a black potion.
Found a stone staircase leading down.
Your magical contamination has completely faded away.
h - 2 fizzy silvery potions (gained 1)
n - a black potion You open the door.
Terence the Incautious comes into view.
He is wielding a +2 mace of venom.
Found 7 stones.
There is an open door here.
There is a stone staircase leading down here.
Terence shouts!
Found 3 gold pieces.
Aiming: Sting (safe; 9% risk of failure)
Press: ? - help, Q - select action, (/) - cycle Shift-Dir - straight line, f - Terence
Aim: Terence, wielding a +2 mace of venom and wearing a +0 scale mail (72% to hit)
The sting hits Terence.
Terence is poisoned.
Terence is lightly wounded.
Aiming: Sting (safe; 9% risk of failure)
Press: ? - help, Q - select action, (/) - cycle Shift-Dir - straight line, f/p - Terence
Aim: Terence, wielding a +2 mace of venom and wearing a +0 scale mail (lightly wounded, poisoned, 72% to hit)
The sting hits Terence but does no damage.
Terence looks even sicker.
Terence is lightly wounded.
Terence attacks as you move away! Terence barely misses you.
Aiming: Sting (safe; 9% risk of failure)
Press: ? - help, Q - select action, (/) - cycle Shift-Dir - straight line, f/p - Terence
Aim: Terence, wielding a +2 mace of venom and wearing a +0 scale mail (lightly wounded, very poisoned, 72% to hit)
The sting hits Terence but does no damage.
Terence looks even sicker.
Terence is lightly wounded.
Terence hits you with a +2 mace of venom!
* * * LOW HITPOINT WARNING * * *
You hit Terence.
Terence is lightly wounded.
Terence hits you with a +2 mace of venom!
You die...

.. #........$... ... #.....
...... .. ...##..... ...... #.
#####............##....## #.
#.......................+ +.
#......<................# #.
#.......................# +.
#..............@@.......# #.
#..........##.....#....(. #.
#..........#............. ..
#..........#....>.......... #.
#...................#####... ##+
#..............#'##...###....#..
#............................#..
####'#.##...##..................
#.#.##.......................


You could see Terence (very poisoned).

Vanquished Creatures
  A worm (D:3)
  2 dart slugs (D:3)
  5 ball pythons
  2 giant cockroaches (D:3)
  A hobgoblin (D:2)
  4 jackals (D:3)
  3 kobolds
  4 quokkas
  3 bats
  A frilled lizard (D:3)
  A goblin (D:1)
  3 rats
30 creatures vanquished.

Notes
Turn   | Place    | Note
-------+----------+-------------------------------------------
     0 | D:1      | McMuffin the Human Wanderer began the quest for the Orb.
     0 | D:1      | McMuffin set off with the following items: a +0 dagger, a
                  | +0 helmet, a +0 robe, 2 scrolls of butterflies; and the
                  | following spell memorised: Sting; and the following spells
                  | available to memorise: Poisonous Vapours, Ignite Poison.
     0 | D:1      | Reached XP level 1. HP: 16/16 MP: 2/2
   109 | D:2      | Reached XP level 2. HP: 22/22 MP: 0/3
   351 | D:3      | Reached XP level 3. HP: 22/27 MP: 1/4
   618 | D:3      | Noticed Terence
   630 | D:3      | Slain by Terence

Illustrated notes

Levels and vault maps discovered:
D:1:      lightli_arrival_chessboard, layout_basic,
          ebering_dispersal_statue_hall, hex_intersection
D:2:      layout_basic
D:3:      layout_basic, uniq_terence, uniq_sigmund

Action                   || total
-------------------------++-------
Melee: Dagger            ||    97
       Punch             ||     1
 Cast: Sting             ||    23
 Stab: Sleeping          ||     1
Armor: Robe              ||    37
Dodge: Dodged            ||    72

Table legend: (Time is in decaauts)
 A = Elapsed time spent in this place.
 B = Non-inter-level travel time spent in this place.
 C = Inter-level travel time spent in this place.
 D = Time resting spent in this place.
 E = Time spent auto-exploring this place.
 F = Levels seen in this place.
 G = Mean time per level.
                   A        B        C        D        E       F      G
               +--------+--------+--------+--------+--------+-----+--------+
         Total |    627 |    627 |      0 |      0 |      0 |   3 |  209.0 |
       Dungeon |    627 |    627 |      0 |      0 |      0 |   3 |  209.0 |
               +--------+--------+--------+--------+--------+-----+--------+

Top non-repeatable levels by time:
     D:3: 298 daAuts
     D:2: 252 daAuts
     D:1: 76 daAuts
